 Dungeon Crawl Stone Soup version 0.22.1-2-g9c5b331 (webtiles) character file.

8101 devinicy the Fighter (level 11, -14/92 HPs)
             Began as a Barachi Chaos Knight on Dec 21, 2018.
             Demolished by a two-headed ogre
             ... wielding a +0 giant club
              (18 damage)
             ... on level 11 of the Dungeon.
             The game lasted 00:42:41 (10402 turns).

devinicy the Fighter (Barachi Chaos Knight)        Turns: 10402, Time: 00:42:42

Health: -14/92     AC: 14    Str: 20    XL:     11   Next: 25%
Magic:  11/11      EV: 15    Int: 10    God:    Xom [....*.]
Gold:   380        SH:  0    Dex: 15    Spells: 10/10 levels left

rFire    . . .     SeeInvis +   t - +4 dagger of the Dark Horse {chaos, -Tele rElec MR+++ Str+4}
rCold    . . .     Gourm    .   (no shield)
rNeg     . . .     Faith    .   v - +6 scale mail
rPois    .         Spirit   .   (no helmet)
rElec    +         Reflect  .   (no cloak)
rCorr    .         Harm     .   (no gloves)
MR       +++++     NoTele   +   (no boots)
Stlth    +.........             d - amulet of the acrobat
HPRegen  0.25/turn              E - ring of Gaorekhluxeq {MR+ Dex+2 SInv Stlth+}
MPRegen  0.12/turn              l - ring of protection from magic

@: can't hop, hasted, quick
A: +LOS, swims, dopey 1, screaming 1, slowness 1, evolution 1, strong legs 1
a: Hop, Renounce Religion


You were on level 11 of the Dungeon.
You worshipped Xom.
You were a beloved toy of Xom.
You were full.

You visited 1 branch of the dungeon, and saw 11 of its levels.

You collected 380 gold pieces.

Inventory:

Hand Weapons
 a - a +1 spear of chaos
 t - the +4 dagger of the Dark Horse (weapon) {chaos, -Tele rElec MR+++ Str+4}
   (Xom gifted it to you on level 6 of the Dungeon)

   Each time it hits an enemy it has a different, random effect.
   It affects your strength (+4).
   It insulates you from electricity.
   It affects your resistance to hostile enchantments.
   It prevents most forms of teleportation.
 x - the cursed +13 scythe of Curses {drain, *Curse}
   (You found it on level 7 of the Dungeon)

   A truly terrible weapon, it drains the life of those it strikes.
   It curses itself when equipped.
   It has a curse placed upon it.
 y - the cursed +1 war axe of the Endless March {speed, *Rage rElec rN+++ Dex+3, unknown}
   (You found it on level 8 of the Dungeon)

   Attacks with this weapon are significantly faster.
   It affects your dexterity (+3).
   It insulates you from electricity.
   It renders you almost immune to negative energy.
   It may make you go berserk in combat.
   It has a curse placed upon it.
Armour
 b - a +3 leather armour
 v - a +6 scale mail (worn)
Jewellery
 d - an amulet of the acrobat (around neck)
 e - an uncursed ring of poison resistance
 h - a cursed -6 ring of slaying {unknown}
 l - a ring of protection from magic (right hand)
 n - an uncursed ring of protection from cold {unknown}
 r - a cursed amulet of inaccuracy
 D - an uncursed ring of ice
 E - the ring of Gaorekhluxeq (left hand) {MR+ Dex+2 SInv Stlth+}
   (You found it on level 10 of the Dungeon)

   [ring of see invisible]

   It affects your dexterity (+2).
   It affects your resistance to hostile enchantments.
   It lets you see invisible.
   It makes you more stealthy.
Wands
 q - a wand of polymorph (6)
 z - a wand of disintegration (15)
Scrolls
 g - a scroll of blinking
 m - 6 scrolls of remove curse
 p - 4 scrolls of teleportation
 u - 2 scrolls of fog
Potions
 k - 2 potions of resistance
 s - a potion of ambrosia
 w - 4 potions of flight
 B - 2 potions of lignification
 C - a potion of brilliance
Miscellaneous
 A - a phial of floods (inert)
Comestibles
 c - 12 rations


   Skills:
 + Level 10.3 Fighting
 + Level 9.1 Short Blades
 - Level 6.4 Polearms
 + Level 10.0 Armour
 + Level 8.6 Dodging


You had 10 spell levels left.
You didn't know any spells.
Your spell library contained the following spells:

 Spells                   Type           Power        Failure   Level  Hunger
 Gell's Gravitas          Tloc           #.........   95%         3    ####...
 Portal Projectile        Hex/Tloc       #.....       95%         3    ####...
 Recall                   Summ/Tloc      N/A          95%         3    ####...
 Animate Dead             Necr           N/A          100%        4    #####..
 Force Lance              Conj/Tloc      #.......     100%        4    #####..
 Borgnjor's Vile Clutch   Necr/Erth      #.........   100%        5    ######.
 Death Channel            Necr           #.........   100%        6    #######
 Dispersal                Tloc           #.........   100%        6    #######
 Simulacrum               Ice/Necr       #.........   100%        6    #######
 Controlled Blink         Tloc           N/A          100%        8    #######
 Disjunction              Tloc           #.........   100%        8    #######


Dungeon Overview and Level Annotations

Branches:
Dungeon (11/15)            Temple (0/1) D:5             Orc (0/2) D:9
   Lair: D:8-11

Altars:
Ashenzari
Elyvilon
Fedhas
Kikubaaqudgha
Makhleb
Okawaru
Qazlal
Sif Muna
Wu Jian
Xom
Yredelemnul

Shops:
D:10 =}


Innate Abilities, Weirdness & Mutations

Shadows flee at your approach. (+LOS)
You can swim through water.
You cover ground slowly.
You can hop short distances.
You are dopey. (Int -2)
You occasionally shout uncontrollably at your foes.
You evolve.


Message History

The two-headed ogre hits you with a giant club! x2
You hit the two-headed ogre. You burn the two-headed ogre.
The two-headed ogre is moderately wounded.
The two-headed ogre barely misses you.
The two-headed ogre hits you with a giant club!!
* * * LOW HITPOINT WARNING * * *
You swap places.
Your iron imp hits the two-headed ogre.
Hop to where?
Press: ? - help, Dir - move target cursor Boing!
Your iron imp hits the two-headed ogre but does no damage.
The two-headed ogre hits you with a giant club!
* * * LOW HITPOINT WARNING * * *
The two-headed ogre hits you with a giant club!
* * * LOW HITPOINT WARNING * * *
Found a falchion.
You feel yourself speed up.
Your iron imp hits the two-headed ogre.
The two-headed ogre hits you with a giant club!!
You die...
Xom guffaws!

* #####o# ...).. , , ,
.†)...#...... ,
#####)†........<
#...[).........# ,#)#
....###### , #o#
#......$.# ##########.#
#........+
#......).).######........#
#.###...........@........#
#.#......)#######O§......#
#.'...(...'.....'5.......#
###.......#######........#
#.......# #........#
#.......# #........#
#.......# #........#
#.......# #####.<###
####.#### ..#


You could see a two-headed ogre and a friendly iron imp.

Vanquished Creatures
  Fannar (D:10)
  A hydra (D:11)
  A two-headed ogre (D:9)
  The ghost of MollyMolluskus the Sneak, a novice OpFi (D:6)
  A troll (D:9)
  A hippogriff (D:9)
  A wyvern (D:9)
  3 yaks (D:11)
  A hungry ghost (D:9)
  A warg (D:11)
  A water moccasin (D:10)
  2 ice beasts (D:9)
  An orc warrior (D:6)
  A necrophage (D:10)
  4 ogres
  A phantom (D:9)
  4 centaurs
  8 bullfrogs
  2 scorpions
  A wyvern skeleton (D:8)
  3 wights (D:11)
  A killer bee (D:11)
  2 howler monkeys (D:8)
  2 crimson imps
  A bullfrog zombie (D:5)
  A quasit (D:6)
  3 orc priests
  4 orc wizards
  5 hounds
  5 centaur skeletons
  6 jellies
  An iguana (D:8)
  4 worker ants
  A worker ant zombie (D:6)
  Robin (D:4)
  13 adders
  3 gnolls (D:7)
  4 shadow imps
  6 oozes
  An adder zombie (D:5)
  2 adder skeletons (D:4)
  2 worms
  2 dart slugs
  5 leopard geckos
  15 orcs
  2 ball pythons
  3 bats
  9 giant cockroaches
  10 goblins
  9 hobgoblins
  3 jackals (D:8)
  4 quokkas
  A ball python skeleton (D:4)
  4 frilled lizards
  A frilled lizard (shapeshifter) (D:7)
  2 jackal zombies
  6 kobolds (D:3)
  A leopard gecko skeleton (D:7)
  A leopard gecko zombie (D:5)
  5 rats
191 creatures vanquished.

Vanquished Creatures (collateral kills)
  An ugly thing (D:9)
  A yak (D:11)
  A necrophage (D:10)
  2 killer bees (D:11)
  A crimson imp (D:5)
  A jelly (D:11)
  3 orc wizards
  5 orcs
15 creatures vanquished.

Vanquished Creatures (others)
  A dancing weapon (D:11)
  A manticore (D:11)
  A warg (D:11)
  A crocodile (D:11)
  An adder (D:10)
  A jackal (D:8)
  A fire vortex (D:11)
  A plant (D:11)
8 creatures vanquished.

Grand Total: 214 creatures vanquished

Notes
Turn   | Place    | Note
-------+----------+-------------------------------------------
     0 | D:1      | devinicy the Barachi Chaos Knight began the quest for the
                  | Orb.
     0 | D:1      | Reached XP level 1. HP: 18/18 MP: 1/1
     3 | D:1      | XOM: harmless Air miscast
   311 | D:1      | XOM: silly message
   343 | D:1      | Reached XP level 2. HP: 21/25 MP: 2/2
   572 | D:1      | XOM: mild Conj miscast
   933 | D:2      | XOM: scenery: create altars
  1191 | D:2      | XOM: god gift: scroll of enchant armour
  1208 | D:2      | Reached XP level 3. HP: 26/30 MP: 3/3
  1289 | D:2      | Reached XP level 4. HP: 15/37 MP: 4/4
  1889 | D:2      | XOM: harmless Summ miscast
  1987 | D:3      | XOM: noise
  2286 | D:3      | XOM: harmless Tmut miscast
  2313 | D:3      | XOM: silly message
  2372 | D:3      | Found a white marble altar of Elyvilon.
  2398 | D:3      | Found a burning altar of Makhleb.
  2481 | D:3      | XOM: enchant monster (good)
  2500 | D:3      | Reached XP level 5. HP: 13/43 MP: 5/5
  2534 | D:3      | XOM: harmless Tloc miscast
  2783 | D:3      | Found an iron altar of Okawaru.
  3068 | D:4      | Noticed an ogre
  3075 | D:4      | Killed an ogre
  3075 | D:4      | Reached skill level 5 in Polearms
  3075 | D:4      | Reached XP level 6. HP: 47/50 MP: 6/6
  3153 | D:4      | Noticed Robin
  3181 | D:4      | Killed Robin
  3181 | D:4      | Reached skill level 5 in Fighting
  3297 | D:4      | XOM: silly message
  3328 | D:4      | Found an ornate altar of the Wu Jian Council.
  3376 | D:4      | XOM: noise
  3451 | D:4      | Found a deep blue altar of Sif Muna.
  3541 | D:5      | Entered Level 5 of the Dungeon
  3594 | D:5      | XOM: 3-stop teleportation journey
  3614 | D:5      | XOM: summons friendly white imp
  3753 | D:5      | XOM: draining
  3781 | D:5      | XOM: 2-stop teleportation journey
  3782 | D:5      | XOM: harmless Necr miscast
  3783 | D:5      | XOM: divination: magic mapping
  3811 | D:5      | XOM: summons friendly iron imp
  3939 | D:5      | Found a staircase to the Ecumenical Temple.
  4040 | D:5      | Reached XP level 7. HP: 46/56 MP: 7/7
  4163 | D:5      | XOM: divination: magic mapping
  4390 | D:6      | XOM: butterfly on damage
  4391 | D:6      | XOM: noise
  4402 | D:6      | XOM: divination: magic mapping
  4414 | D:6      | Reached skill level 5 in Armour
  4664 | D:6      | XOM: god gift: pitted dagger {god gift}
  4673 | D:6      | Got a pitted dagger {god gift}
  4674 | D:6      | Identified the +4 dagger of the Dark Horse {chaos, -Tele
                  | rElec MR+++ Str+4} (Xom gifted it to you on level 6 of the
                  | Dungeon)
  4702 | D:6      | XOM: summons 7 friendly demons
  4706 | D:6      | XOM: god gift: ration
  4803 | D:6      | Reached skill level 1 in Short Blades
  4803 | D:6      | Reached XP level 8. HP: 58/64 MP: 8/8
  4862 | D:6      | XOM: destruction
  5076 | D:6      | XOM: cast spell 'Metabolic Englaciation'
  5078 | D:6      | XOM: scenery: 2 doors open, 1 doors close
  5132 | D:6      | Found a runed door.
  5132 | D:6      | Noticed MollyMolluskus's ghost (novice OpFi)
  5149 | D:6      | Killed MollyMolluskus's ghost
  5268 | D:7      | Found a blossoming altar of Fedhas.
  5268 | D:7      | Found a basalt altar of Yredelemnul.
  5271 | D:7      | Found a shattered altar of Ashenzari.
  5273 | D:7      | Found an ancient bone altar of Kikubaaqudgha.
  5286 | D:7      | Found a stormy altar of Qazlal.
  5446 | D:7      | XOM: god gift: orange potion {god gift}
  5447 | D:7      | XOM: fog
  5507 | D:7      | XOM: polymorph gnoll -> jelly
  5549 | D:7      | XOM: divination: magic mapping
  5786 | D:7      | XOM: divination: magic mapping
  5818 | D:7      | XOM: mild Ice miscast
  5883 | D:7      | XOM: enchant monster (good)
  6055 | D:7      | XOM: scenery: create altars
  6102 | D:7      | Found the cursed +13 scythe of Curses {drain, *Curse}
  6112 | D:7      | Found an iron altar of Okawaru.
  6115 | D:7      | Found a shimmering altar of Xom.
  6326 | D:7      | XOM: mild Erth miscast
  6397 | D:7      | XOM: give mutations
  6397 | D:7      | Gained mutation: You are dopey. (Int -2) [Xom's mischief]
  6397 | D:7      | Gained mutation: Your magical capacity is low. (-10% MP)
                  | [Xom's mischief]
  6416 | D:8      | Reached XP level 9. HP: 67/72 MP: 8/8
  6426 | D:8      | Got a jewelled war axe
  6584 | D:8      | XOM: stat loss: -1 Dex (12/13)
  6603 | D:8      | Reached skill level 5 in Short Blades
  6616 | D:8      | Reached skill level 5 in Dodging
  6849 | D:8      | XOM: scenery: create altars
  6888 | D:8      | XOM: potion effect (invisibility)
  7114 | D:8      | XOM: potion effect (brilliance)
  7783 | D:9      | Noticed a two-headed ogre
  7800 | D:9      | XOM: potion effect (might)
  7801 | D:9      | XOM: potion effect (might)
  7811 | D:9      | XOM: potion effect (might)
  7827 | D:9      | XOM: potion effect (invisibility)
  7828 | D:9      | XOM: potion effect (agility)
  7840 | D:9      | XOM: cleaving
  7843 | D:9      | XOM: noise
  7845 | D:9      | Killed a two-headed ogre
  7845 | D:9      | Reached XP level 10. HP: 29/82 MP: 9/9
  8072 | D:9      | Identified a scroll of acquirement
  8121 | D:9      | XOM: give mutation
  8121 | D:9      | Gained mutation: You passively map a small area around you.
                  | [Xom's grace]
  8128 | D:9      | Found a staircase to the Orcish Mines.
  8139 | D:9      | XOM: give mutations
  8139 | D:9      | Gained mutation: Your body sometimes deteriorates upon
                  | taking damage. [Xom's mischief]
  8139 | D:9      | Lost mutation: Your body sometimes deteriorates upon taking
                  | damage. [Xom's mischief]
  8139 | D:9      | Gained mutation: You occasionally shout uncontrollably at
                  | your foes. [Xom's mischief]
  8148 | D:9      | XOM: harmless Fire miscast
  8197 | D:9      | XOM: divination: detect creatures
  8296 | D:9      | Noticed a red ugly thing
  8307 | D:9      | HP: 2/82 [something (12)]
  8343 | D:9      | Killed a cyan ugly thing
  8692 | D:10     | Entered Level 10 of the Dungeon
  9112 | D:10     | XOM: potion effect (might)
  9157 | D:10     | Noticed Fannar
  9171 | D:10     | Found Okinudd's Jewellery Shoppe.
  9176 | D:10     | XOM: potion effect (heal wounds)
  9182 | D:10     | XOM: summons 2 friendly demons
  9185 | D:10     | XOM: harmless Air miscast
  9193 | D:10     | Killed Fannar
  9205 | D:10     | XOM: noise
  9211 | D:10     | Found Cividghia's Gadget Shoppe.
  9247 | D:10     | XOM: mild Erth miscast
  9601 | D:10     | Got a sparkling lead ring
  9647 | D:11     | XOM: stealth player
  9665 | D:11     | XOM: enchant monster (good)
  9690 | D:11     | XOM: divination: detect creatures
  9737 | D:11     | Noticed a seven-headed hydra
  9750 | D:11     | XOM: cast spell 'Ring of Flames'
  9752 | D:11     | Lost mutation: You passively map a small area around you.
                  | [potion of mutation]
  9752 | D:11     | Lost mutation: Your magical capacity is low. (-10% MP)
                  | [potion of mutation]
  9752 | D:11     | Gained mutation: You evolve. [potion of mutation]
  9752 | D:11     | Gained mutation: You have a pair of small horns on your
                  | head. [potion of mutation]
  9754 | D:11     | XOM: give mutation
  9754 | D:11     | Lost mutation: You have a pair of small horns on your head.
                  | [Xom's mischief]
  9755 | D:11     | Killed a seven-headed hydra
  9755 | D:11     | Reached skill level 10 in Fighting
  9755 | D:11     | Reached XP level 11. HP: 29/90 MP: 11/11
  9878 | D:11     | Identified the ring of Gaorekhluxeq {MR+ Dex+2 SInv Stlth+}
                  | (You found it on level 10 of the Dungeon)
 10056 | D:11     | Noticed a manticore
 10087 | D:11     | XOM: mild Fire miscast
 10117 | D:11     | Reached skill level 10 in Armour
 10117 | D:11     | XOM: cleaving
 10124 | D:11     | Killed a manticore
 10124 | D:11     | XOM: divine lightning
 10175 | D:11     | XOM: scenery: 2 doors close
 10387 | D:11     | Noticed a two-headed ogre
 10387 | D:11     | XOM: confuse monster(s)
 10388 | D:11     | XOM: enchant monster (good)
 10397 | D:11     | XOM: summons friendly iron imp
 10401 | D:11     | HP: 4/92 [two-headed ogre/giant club (14)]
 10402 | D:11     | Demolished by a two-headed ogre

Skill      XL: |  1  2  3  4  5  6  7  8  9 10 11 |
---------------+----------------------------------+-----
Fighting       | 4 5 7 8 10 | 10.3
Armour         | 3 4 5 6 8 9 10 | 10.0
Polearms       | 4 5 6 |  6.4
Dodging        | 2 3 4 6 8 |  8.6
Short Blades   | 1 4 7 8 9 |  9.1

Action                   |  1- 3 |  4- 6 |  7- 9 | 10-12 || total
-------------------------+-------+-------+-------+-------++-------
Melee: Spear             |    64 |   239 |    59 |       ||   362
       Dagger            |       |       |   343 |   319 ||   662
 Abil: Hop               |     1 |     2 |     4 |     5 ||    12
Evoke: Wand              |       |       |       |     2 ||     2
       Phial of floods   |       |       |       |     1 ||     1
  Use: Scroll            |     6 |     7 |    12 |     6 ||    31
       Potion            |       |       |     3 |     9 ||    12
 Stab: Paralysed         |     1 |       |     5 |       ||     6
       Confused          |     1 |     1 |     1 |     2 ||     5
       Petrifying        |       |     1 |     3 |     3 ||     7
       Petrified         |       |     9 |     6 |     1 ||    16
       Distracted        |       |       |     1 |     1 ||     2
       Invisible         |       |       |     3 |       ||     3
  Eat: Ration            |     1 |     2 |     5 |     3 ||    11
       Chunk             |       |     2 |       |       ||     2
Armor: Leather armour    |    13 |    78 |    32 |       ||   123
       Scale mail        |       |       |    54 |    71 ||   125
       Skin              |       |       |       |    38 ||    38
Dodge: Dodged            |    26 |   152 |   176 |   185 ||   539
